 Dungeon Crawl Stone Soup version 0.27-a0-920-gb2bd10914a (webtiles) character file.

Game seed: 13648614981675963078

18 robertstho the Magician (level 2, -1/21 HPs)
             Began as a Djinni Fire Elementalist on Apr 9, 2021.
             Slain by a hobgoblin (2 damage)
             ... on level 2 of the Dungeon.
             The game lasted 00:00:46 (445 turns).

robertstho the Magician (Djinni Fire Elementalist)   Turns: 445, Time: 00:00:47

Health: -1/21      AC:  2    Str:  7    XL:     2   Next: 66%
Gold:   0          EV: 12    Int: 16    God:
                   SH:  0    Dex: 13

rFire    + + .     SeeInvis .   e - +0 short sword
rCold    x . .     Faith    .   (no shield)
rNeg     . . .     Spirit   .   a - +0 robe
rPois    ∞         Reflect  .   (no helmet)
rElec    .         Harm     .   (no cloak)
rCorr    .         Rampage  .   (no gloves)
Will     .....                  (boots unavailable)
Stlth    ++........             (no amulet)
HPRegen  0.07/turn              (no ring)
MPRegen  0.00/turn              (no ring)

@: flying
A: fire resistance 2, cold vulnerability 1, float, innate caster, hp casting,
extra vitality 1
a: no special abilities


You were on level 2 of the Dungeon.
You visited 1 branch of the dungeon, and saw 2 of its levels.

Inventory:

Hand Weapons
 e - a +0 short sword (weapon)
Armour
 a - a +0 robe (worn)
Jewellery
 b - a ring of ice
 d - a ring of see invisible
Scrolls
 c - a scroll of immolation {unknown}


   Skills:
 + Level 2.3 Dodging
 + Level 1.6 Stealth
 * Level 3.3 Spellcasting


You couldn't memorise any spells.
You knew the following spells:

 Your Spells              Type           Power      Damage    Failure   Level
a - Foxfire               Conj/Fire      52%        2x1d6     4%          1
b - Conjure Flame         Conj/Fire      13%        6-21      14%         3
c - Inner Flame           Hex/Fire       13%        N/A       14%         3
d - Sticky Flame          Conj/Fire      13%        2d4       41%         4
e - Fireball              Conj/Fire      6%         3d5       77%         5
Your spell library was empty.

Dungeon Overview and Level Annotations

Branches:
Dungeon (1/15)

Altars:


Innate Abilities, Weirdness & Mutations

You are immune to poison.
Your flesh is very heat resistant. (rF++)
You are vulnerable to cold. (rC-)
You float through the air rather than walking.
You learn spells naturally, not from books.
Your magical power is your life essence.
You have superior vitality. (+4 HP)


Message History

The endoplasm is moderately wounded.
The foxfire hits the frilled lizard.
The frilled lizard is heavily wounded.
The ball python closely misses you. The ball python grabs you.
The ball python constricts you.
Casting: Foxfire (safe; 4% risk of failure)
Confirm with . or Enter, or press ? or * to list all spells.
You conjure some foxfire!
The ball python closely misses you. The ball python constricts you.
The endoplasm freezes you.
You are frozen.
You feel a terrible chill!
The foxfire hits the hobgoblin.
The hobgoblin is moderately wounded.
The foxfire hits the endoplasm.
The endoplasm is severely wounded.
The ball python bites you. The ball python constricts you.
The endoplasm hits you.
Casting: Foxfire (safe; 4% risk of failure)
Confirm with . or Enter, or press ? or * to list all spells.
You conjure some foxfire!
The ball python barely misses you. The ball python constricts you.
The frilled lizard closely misses you. The hobgoblin hits you.
The endoplasm freezes you.
You are frozen.
You feel a terrible chill!
* * * LOW HITPOINT WARNING * * *
The ball python misses you. The ball python constricts you.
You escape the ball python's grasp.
The foxfire hits the hobgoblin.
The hobgoblin is almost dead.
The foxfire hits the frilled lizard.
You kill the frilled lizard!
The hobgoblin closely misses you.
Found a scroll labelled RAORIU VEUMYMOS.
Unknown command.
Found a stone staircase leading down.
A hobgoblin and a kobold come into view.
The hobgoblin shouts!
The kobold shouts!
You hear an angry hiss.
The kobold throws a stone.
The stone hits you but does no damage. The hobgoblin closely misses you.
The hobgoblin hits you.
You die...

.#..## #.# ....#
#K# #..####.###
#########.#....?.
..........!.##)#
#...........w..#
#...........Sg.#
#.........#.##.#
#.........#.J@g#
#.........#..#.#
#.........#....#
#........?#.#..#
#.........#.#...
#.........#...>##
..........# ####
.........#


You could see an endoplasm, a hobgoblin and a kobold.

Vanquished Creatures
  3 bats (D:1)
  An endoplasm (D:1)
  A giant cockroach (D:1)
  4 hobgoblins (D:1)
  3 jackals (D:1)
  A kobold (D:1)
  A frilled lizard (D:2)
14 creatures vanquished.

Vanquished Creatures (others)
  39 foxfires
39 creatures vanquished.

Grand Total: 53 creatures vanquished

Notes
Turn   | Place    | Note
-------+----------+-------------------------------------------
     0 | D:1      | robertstho the Djinni Fire Elementalist began the quest for
                  | the Orb.
     0 | D:1      | Reached XP level 1. HP: 15/15 MP: 0/0
    69 | D:1      | Reached skill level 3 in Spellcasting
    71 | D:1      | Reached XP level 2. HP: 14/21 MP: 0/0
   432 | D:1      | You are sucked into a shaft and drop 1 floor!
   437 | D:2      | HP: 1/21 [endoplasm/Freeze (6)]
   445 | D:2      | Slain by a hobgoblin

Illustrated notes

Levels and vault maps discovered:
D:1:      wander_arrival_estate, layout_rooms,
          hellmonk_ecumenical_altar_heavens_door, st_stairs_8
D:2:      cheibrodos_fertilizer, layout_basic, uniq_sigmund

Skill      XL: |  1 |
---------------+----+-----
Spellcasting   | 3 |  3.3
Dodging        | |  2.3
Stealth        | |  1.6

Action                   || total
-------------------------++-------
Melee: Short sword       ||     2
 Cast: Foxfire           ||    21
Armor: Robe              ||     3
Dodge: Dodged            ||     8

Table legend: (Time is in decaauts)
 A = Elapsed time spent in this place.
 B = Non-inter-level travel time spent in this place.
 C = Inter-level travel time spent in this place.
 D = Time resting spent in this place.
 E = Time spent auto-exploring this place.
 F = Levels seen in this place.
 G = Mean time per level.
                   A        B        C        D        E       F      G
               +--------+--------+--------+--------+--------+-----+--------+
         Total |    444 |    444 |      0 |    110 |    259 |   2 |  222.0 |
       Dungeon |    444 |    444 |      0 |    110 |    259 |   2 |  222.0 |
               +--------+--------+--------+--------+--------+-----+--------+

Top non-repeatable levels by time:
     D:1: 431 daAuts
     D:2: 12 daAuts
